 Dungeon Crawl Stone Soup version 0.16-a0-1784-gf5591c9 (console) character file.

8752 utis the Martial Artist (level 11, -8/70 HPs)
             Began as a Demonspawn Transmuter on Nov 1, 2014.
             Was a Believer of Okawaru.
             Mangled by a six-headed hydra (13 damage)
             ... on level 10 of the Dungeon.
             The game lasted 00:53:31 (22455 turns).

utis the Martial Artist (Demonspawn Transmuter)    Turns: 22455, Time: 00:53:31

Health: -8/70      AC:  7    Str: 14    XL:     11   Next: 14%
Magic:  9/17       EV: 15    Int: 14    God:    Okawaru [**....]
Gold:   140        SH:  0    Dex: 14    Spells: 4 memorised, 4 levels left

rFire  . . .     SeeInvis .       - Unarmed
rCold  . . .     Clarity  .     j - +0 leather armour
rNeg   + . .     SustAb   .     (no shield)
rPois  .         Gourm    .     (no helmet)
rElec  .         Spirit   .     M - +2 cloak
rCorr  .         Warding  .     C - +0 pair of gloves
rMut   .         Stasis   .     (boots unavailable)
MR     +....                    (no amulet)
Stlth  +.........               G - ring of protection from magic
                                N - ring of positive energy

@: very slightly contaminated, repel missiles, somewhat resistant to hostile
enchantments, very unstealthy
A: hooves 3, repulsion field 3, spiny 1
a: Heroism, Renounce Religion


You were on level 10 of the Dungeon.
You worshipped Okawaru.
Okawaru was pleased with you.
You were not hungry.

You visited 3 branches of the dungeon, and saw 13 of its levels.
You also visited: Sewer.

You collected 820 gold pieces.
You spent 680 gold pieces at shops.

Inventory:

Hand weapons
 b - the +3 greatsling of the Skies Above {venom, rF+ MR++ Int+3 SInv}
   (You bought it in a shop on level 10 of the Dungeon)

   It poisons the ammo it fires.
   It affects your intelligence (+3).
   It protects you from fire.
   It affects your resistance to hostile enchantments.
   It enhances your eyesight.
 c - a +0 blowgun
Missiles
 e - 342 stones (quivered)
 r - 58 sling bullets
 u - 29 poisoned needles
 A - 15 arrows of frost
 J - 146 arrows
 P - 9 sling bullets of frost
Armour
 j - a +0 leather armour (worn)
 C - a +0 pair of gloves (worn)
 M - a +2 cloak (worn)
Jewellery
 G - a ring of protection from magic (right hand)
 K - an uncursed ring of ice
 N - a ring of positive energy (left hand)
Magical devices
 t - a wand of random effects (20)
 v - a wand of paralysis (12)
 w - a wand of magic darts (25)
 z - a wand of flame (31)
 E - a wand of fire (9)
 F - a wand of teleportation (0)
 Q - a wand of confusion (5)
 Y - a wand of frost (18)
Scrolls
 f - 6 scrolls of remove curse
 l - 2 scrolls of magic mapping
 s - a scroll of random uselessness {unknown}
 y - a scroll of teleportation {!r}
 I - 2 scrolls of blinking {unknown}
 X - a scroll of recharging {unknown}
Potions
 a - 3 potions of heal wounds
 g - a potion of berserk rage {unknown}
 h - 5 potions of curing
 i - 2 potions of brilliance
 m - 2 potions of cancellation
 o - 2 potions of might
 q - 2 potions of resistance
 x - 2 potions of invisibility
 B - a potion of magic {unknown}
 T - 2 potions of restore abilities {unknown}
 U - a potion of poison {unknown}
Books
 d - a book of Changes

   Spells                             Type                      Level
   *Beastly Appendage                 Transmutation                1
   *Sticks to Snakes                  Transmutation                2
   *Spider Form                       Transmutation/Poison         3
   *Ice Form                          Ice/Transmutation            4
   Blade Hands                        Transmutation                5
 L - a book of Burglary

   Spells                             Type                      Level
   Swiftness                          Charms/Air                   2
   Passwall                           Transmutation/Earth          3
   Passage of Golubria                Translocation                4
   Lee's Rapid Deconstruction         Earth                        5
   Invisibility                       Hexes                        6
   Darkness                           Hexes                        7
 O - a book of Callings

   Spells                             Type                      Level
   Summon Small Mammal                Summoning                    1
   Call Imp                           Summoning                    2
   Call Canine Familiar               Summoning                    3
   Summon Guardian Golem              Hexes/Summoning              4
   Summon Lightning Spire             Summoning/Air                4
   Summon Ice Beast                   Ice/Summoning                4
 S - a book of Alchemy

   Spells                             Type                      Level
   Sublimation of Blood               Necromancy                   2
   Alistair's Intoxication            Transmutation/Poison         4
   Condensation Shield                Ice                          4
   Petrify                            Transmutation/Earth          4
   Ignite Poison                      Fire/Transmutation           5
   Irradiate                          Conjuration/Transmutation    5
Comestibles
 k - 3 chunks of flesh
 n - 6 meat rations
 p - 5 bread rations
 H - 2 fruits
 Z - a beef jerky


   Skills:
 - Level 1.0 Fighting
 - Level 1.7 Dodging
 + Level 12.2 Unarmed Combat
 - Level 2.0 Spellcasting
 - Level 7.6 Transmutations
 - Level 6.6 Ice Magic
 - Level 2.2 Poison Magic


You had 4 spell levels left.
You knew the following spells:

 Your Spells              Type           Power        Failure   Level  Hunger
a - Beastly Appendage     Trmt           ###...       1%          1    ##.....
b - Spider Form           Trmt/Pois      ###.......   12%         3    ####...
I - Ice Form              Ice/Trmt       ###.....     14%         4    #####..
Z - Sticks to Snakes      Trmt           ###.......   1%          2    ###....


Dungeon Overview and Level Annotations

Branches:
Dungeon (11/15)            Temple (1/1) D:7            Lair (1/8) D:10
    Orc: D:9-12

Altars:
Ashenzari
Cheibriados
Dithmenos
Elyvilon
Fedhas
Gozag
Kikubaaqudgha
Makhleb
Nemelex Xobeh
Okawaru
Qazlal
Ru
Sif Muna
Trog
Vehumet
Xom
Yredelemnul
Zin
The Shining One

Shops:
D:6 *   D:10 (([

Annotations:
D:9 exclusion: 2 oklob saplings
D:11 Harold


Innate Abilities, Weirdness & Mutations

You have hooves in place of feet.
You are surrounded by a strong repulsion field (EV +4, rMsl).
You are partially covered in sharp spines.


Message History

The six-headed hydra barely misses you. The six-headed hydra misses you.
The six-headed hydra bites you.
* * * LOW HITPOINT WARNING * * *
You climb upwards.
Welcome back to the Dungeon!
There is a staircase to the Lair here.
You see here a rapier.
Casting: Spider Form
Confirm with . or Enter, or press ? or * to list all spells.
You miscast Spider Form.
You are very lightly contaminated with residual magic.
You feel sick.
The six-headed hydra closely misses you.
The six-headed hydra barely misses you.
The six-headed hydra bites you but does no damage.
The six-headed hydra bites you.
* * * LOW HITPOINT WARNING * * *
The six-headed hydra bites you.
* * * LOW HITPOINT WARNING * * *
The six-headed hydra bites you!
You die...

......#.........#.........###.###
......#.........#................
......###########....####+###....
####.................#...........
#.................#.......#...
#.........>.......#.......#...
#.................+.......#...
#............D....#.......#...
#............6....#.......#...
#.................####..###...
#....#####........)...........
#....#...#....................
#....#...#.#'###'#.......#####
####....'!..#.#.....#.......#
........#...#.#.....#.......#
##......#...#.#.....#.......#####
.#......##'##.#.....#............


You could see a six-headed hydra.

Vanquished Creatures
  An unseen horror (D:10)
  2 hill giants (D:10)
  An ugly thing (D:11)
  A manticore (D:11)
  Psyche (D:9)
  Prince Ribbit (D:4)
  2 wandering mushrooms (D:9)
  A wraith (D:10)
  Eustachio (D:4)
  A hippogriff (D:9)
  A water moccasin (Lair:1)
  A soldier ant (D:11)
  2 sky beasts
  Purgy (Sewer)
  An ice beast (D:11)
  3 black bears
  3 orc warriors
  5 ogres
  2 phantoms
  3 big kobolds
  5 centaurs
  4 giant frogs
  Blork the orc (D:4)
  2 jellies
  10 killer bees
  4 scorpions
  A hippogriff skeleton (D:9)
  11 crimson imps
  A goliath beetle (D:7)
  5 wights (D:8)
  6 orc priests
  3 hounds
  3 iguanas
  A centaur skeleton (D:9)
  11 orc wizards
  Natasha (twice) (D:4)
  12 worker ants
  A mummy (D:7)
  A hound skeleton (D:5)
  2 green rats (D:4)
  11 adders
  4 shadow imps
  4 worms
  3 giant mites
  An iguana skeleton (D:5)
  2 orc skeletons
  3 giant geckos
  An ooze (D:3)
  34 orcs
  3 ball pythons
  A bat skeleton (D:5)
  13 goblins
  11 hobgoblins
  8 jackals
  5 quokkas
  20 bats
  9 giant cockroaches
  A giant mite zombie (D:6)
  8 giant newts
  A goblin skeleton (D:4)
  A hobgoblin skeleton (D:5)
  A hobgoblin zombie (D:5)
  29 kobolds
  A kobold skeleton (D:4)
  2 kobold zombies
  An orc zombie (D:11)
  A quokka zombie (D:8)
  23 rats
  A rat skeleton (D:4)
  4 ballistomycetes
327 creatures vanquished.

Vanquished Creatures (collateral kills)
  A goliath beetle zombie (D:5)
  A quokka (D:5)
2 creatures vanquished.

Vanquished Creatures (others)
  3 giant spores
  A ballistomycete (D:11)
4 creatures vanquished.

Grand Total: 333 creatures vanquished

Notes
Turn   | Place    | Note
--------------------------------------------------------------
     0 | D:1      | utis, the Demonspawn Transmuter, began the quest for the Orb.
     0 | D:1      | Reached XP level 1. HP: 15/15 MP: 3/3
   310 | D:1      | Reached skill level 3 in Unarmed Combat
   880 | D:1      | Lost mutation: You have claws for feet. [demonic ancestry]
   880 | D:1      | Lost mutation: You have razor-sharp toenails. [demonic ancestry]
   880 | D:1      | Lost mutation: You have sharp toenails. [demonic ancestry]
   880 | D:1      | Gained mutation: You have large cloven feet. [demonic ancestry]
   880 | D:1      | Reached XP level 2. HP: 2/21 MP: 2/4
  1836 | D:1      | Gained mutation: You are surrounded by a mild repulsion field (EV +2). [demonic ancestry]
  1836 | D:1      | Reached XP level 3. HP: 26/26 MP: 4/6
  2656 | D:2      | Reached skill level 4 in Unarmed Combat
  2963 | D:1      | Learned a level 3 spell: Spider Form
  3615 | D:2      | Reached skill level 1 in Poison Magic
  3825 | D:2      | Reached XP level 4. HP: 32/32 MP: 3/7
  4781 | D:3      | Found a shimmering altar of Xom.
  4808 | D:3      | Gained mutation: You have hoof-like feet. [demonic ancestry]
  4808 | D:3      | Reached XP level 5. HP: 37/37 MP: 6/9
  5849 | D:3      | Found an opulent altar of Gozag.
  6529 | D:3      | Learned a level 4 spell: Ice Form
  6647 | D:4      | Found a glowing drain.
  6660 | D:4      | Reached skill level 5 in Unarmed Combat
  6863 | Sewer    | Entered a sewer
  6976 | Sewer    | Noticed Purgy
  6991 | Sewer    | Killed Purgy
  6991 | Sewer    | Gained mutation: You are partially covered in sharp spines. [demonic ancestry]
  6991 | Sewer    | Reached XP level 6. HP: 31/43 MP: 7/10
  7517 | D:4      | Noticed a centaur
  7534 | D:4      | Killed a centaur
  7534 | D:4      | Reached skill level 6 in Unarmed Combat
  7798 | D:4      | Noticed Blork the orc
  8040 | D:4      | Killed Blork the orc
  8040 | D:4      | Reached skill level 1 in Ice Magic
  8040 | D:4      | Reached XP level 7. HP: 29/48 MP: 8/12
  8345 | D:4      | Noticed Natasha
  8354 | D:4      | Killed Natasha
  8375 | D:4      | Noticed Natasha
  8378 | D:4      | Killed Natasha
  8605 | D:4      | Noticed Eustachio
  8653 | D:4      | Noticed Prince Ribbit
  9306 | D:3      | Learned a level 2 spell: Sticks to Snakes
  9611 | D:4      | Killed Eustachio
  9904 | D:4      | HP: 2/48 [Prince Ribbit (5)]
  9942 | D:4      | Killed Prince Ribbit
  9942 | D:4      | Reached skill level 5 in Transmutations
  9942 | D:4      | Gained mutation: You have hooves in place of feet. [demonic ancestry]
  9942 | D:4      | Reached XP level 8. HP: 22/54 MP: 8/13
 10129 | D:5      | Entered Level 5 of the Dungeon
 10278 | D:5      | Found a shattered altar of Ashenzari.
 11105 | D:5      | Reached skill level 5 in Ice Magic
 11928 | D:5      | Found a sparkling altar of Nemelex Xobeh.
 12744 | D:6      | Reached XP level 9. HP: 59/59 MP: 10/14
 12931 | D:6      | Found Riynun's General Store.
 13191 | D:7      | Reached skill level 7 in Transmutations
 13597 | D:7      | Found a staircase to the Ecumenical Temple.
 15866 | Temple   | Entered the Ecumenical Temple
 15956 | Temple   | Became a worshipper of Warmaster Okawaru
 16103 | D:8      | Found an ancient bone altar of Kikubaaqudgha.
 16592 | D:8      | Reached skill level 8 in Unarmed Combat
 16680 | D:8      | Found a stormy altar of Qazlal.
 16681 | D:8      | Found a snail-covered altar of Cheibriados.
 17494 | D:9      | Gained mutation: You are surrounded by a moderate repulsion field (EV +3). [demonic ancestry]
 17494 | D:9      | Reached XP level 10. HP: 65/65 MP: 10/16
 17574 | D:9      | Reached skill level 9 in Unarmed Combat
 17586 | D:9      | Found a blossoming altar of Fedhas.
 18635 | D:9      | Noticed Psyche
 18640 | D:9      | Killed Psyche
 19028 | D:10     | Entered Level 10 of the Dungeon
 19028 | D:10     | Found Nuhy's Antique Weapon Boutique.
 19035 | D:10     | Acquired Okawaru's first power
 19054 | D:10     | Bought a jewelled greatsling for 400 gold pieces
 19076 | D:10     | Identified the +3 greatsling of the Skies Above {venom, rF+ MR++ Int+3 SInv} (You bought it in a shop on level 10 of the Dungeon)
 19168 | D:10     | Reached skill level 10 in Unarmed Combat
 19422 | D:10     | Found Kiovi's Weapon Shoppe.
 19424 | D:10     | Noticed an unseen horror
 19434 | D:10     | Killed an unseen horror
 19905 | D:10     | Found a staircase to the Lair.
 19944 | D:10     | Noticed a hill giant
 20019 | D:10     | Killed a hill giant
 20019 | D:10     | Reached skill level 11 in Unarmed Combat
 20224 | D:10     | Found Unafizecw's Armour Shop.
 20227 | D:10     | Bought a +2 cloak for 280 gold pieces
 20414 | D:10     | Noticed a hill giant
 20448 | D:10     | Killed a hill giant
 21191 | D:11     | Noticed a manticore
 21228 | D:11     | Noticed a green ugly thing
 21252 | D:11     | Killed a purple ugly thing
 21252 | D:11     | Gained mutation: You are surrounded by a strong repulsion field (EV +4, rMsl). [demonic ancestry]
 21252 | D:11     | Reached XP level 11. HP: 18/70 MP: 8/17
 21525 | D:11     | Killed a manticore
 21525 | D:11     | Reached skill level 12 in Unarmed Combat
 22232 | D:11     | Noticed Harold
 22335 | Lair:1   | Entered Level 1 of the Lair of Beasts
 22433 | Lair:1   | Noticed a six-headed hydra
 22455 | D:10     | Mangled by a six-headed hydra

Action                   |  1- 3 |  4- 6 |  7- 9 | 10-12 || total
-------------------------+-------+-------+-------+-------++-------
Melee: Unarmed           |   151 |   255 |   531 |   236 ||  1173
 Fire: Blowgun           |       |       |    40 |     7 ||    47
       Greatsling        |       |       |       |     8 ||     8
Throw: Stone             |       |     2 |       |       ||     2
 Cast: Beastly Appendage |    11 |     7 |       |       ||    18
       Spider Form       |     3 |    16 |    37 |     5 ||    61
       Ice Form          |       |       |    26 |    25 ||    51
       Sticks to Snakes  |       |       |     2 |       ||     2
Invok: Heroism           |       |       |       |     2 ||     2
 Abil: End Transformatio |       |       |     7 |     3 ||    10
  Use: Scroll            |     3 |     8 |     5 |     3 ||    19
       Potion            |       |       |     3 |     4 ||     7
 Stab: Sleeping          |       |     1 |       |       ||     1
  Eat: Chunk             |     5 |    12 |    27 |    20 ||    64
       Bread ration      |     1 |       |     3 |       ||     4
       Meat ration       |       |     1 |       |       ||     1
       Pizza             |       |       |     1 |       ||     1
       Fruit             |       |       |       |     2 ||     2
